 Dungeon Crawl Stone Soup version 0.20-a0-261-gcb1eca7 (webtiles) character file.

7851 Lochraine the Nimble (level 11, -1/63 HPs)
             Began as a Deep Elf Fire Elementalist on Dec 3, 2016.
             Was a Priest of Ashenzari.
             Slain by an eight-headed hydra (13 damage)
             ... on level 1 of the Lair of Beasts.
             The game lasted 00:37:47 (13200 turns).

Lochraine the Nimble (Deep Elf Fire Elementalist)  Turns: 13200, Time: 00:37:48

Health: -1/63      AC:  5    Str:  8    XL:     11   Next: 2%
Magic:  13/25      EV: 18    Int: 21    God:    Ashenzari [***...]
Gold:   519        SH:  0    Dex: 15    Spells: 3/26 levels left

rFire  + . .     SeeInvis +     E - +2 whip (elec) (curse)
rCold  . . .     Gourm    .     a - +0 robe
rNeg   . . .     Faith    +     (no shield)
rPois  .         Spirit   .     S - +0 helmet
rElec  .         Reflect  .     T - +0 cloak
rCorr  .         Harm     .     (no gloves)
MR     +....                    l - +0 pair of boots
Stlth  +++.......               e - amulet of faith (curse)
                                w - ring of protection from fire
                                y - ring of stealth

@: no status effects
A: no striking features
a: Curse Item, Scrying, Renounce Religion


You were on level 1 of the Lair of Beasts.
You worshipped Ashenzari.
Ashenzari was most pleased with you.
You were hungry.

You visited 2 branches of the dungeon, and saw 10 of its levels.
You also visited: Sewer.

You collected 519 gold pieces.

Inventory:

Hand Weapons
 d - a +0 rapier of electrocution
 i - a +3 mace of protection
 p - a +0 mace of holy wrath
 t - a +3 quarterstaff of chaos
 E - a cursed +2 whip of electrocution (weapon)
Missiles
 F - 7 poisoned javelins (quivered)
 G - a throwing net
Armour
 a - a +0 robe (worn)
 l - a +0 pair of boots (worn)
 s - a +0 cloak
 Q - a +0 leather armour
 S - a +0 helmet (worn)
 T - a +0 cloak (worn)
Jewellery
 e - a cursed amulet of faith (around neck)
 k - an uncursed ring of protection from cold
 w - a ring of protection from fire (right hand)
 y - a ring of stealth (left hand)
Wands
 K - a wand of acid (15/15)
 O - a wand of digging (11/24)
Scrolls
 f - a scroll of amnesia
 g - a scroll of magic mapping
 h - 4 scrolls of teleportation
 m - 3 scrolls of random uselessness
 n - 2 scrolls of recharging
 o - a scroll of identify
 u - 4 scrolls of immolation
 D - a scroll of blinking
 P - a scroll of fog {unknown}
 R - a scroll of fear {unknown}
Potions
 j - a potion of curing
 r - 2 potions of mutation
 v - a potion of resistance {unknown}
 x - 7 potions of flight
 z - 2 potions of magic {unknown}
 B - 2 potions of might {unknown}
 C - 4 potions of degeneration {unknown}
 J - a potion of ambrosia {unknown}
 L - a potion of cancellation {unknown}
Books
 b - a book of Flames

   Spells                             Type                      Level
   a - Flame Tongue                   Conjuration/Fire             1
   b - Throw Flame                    Conjuration/Fire             2
   c - Conjure Flame                  Conjuration/Fire             3
   d - Inner Flame                    Hexes/Fire                   3
   e - Sticky Flame                   Conjuration/Fire             4
   f - Fireball                       Conjuration/Fire             5
 A - a book of Minor Magic

   Spells                             Type                      Level
   a - Magic Dart                     Conjuration                  1
   b - Blink                          Translocation                2
   c - Call Imp                       Summoning                    2
   d - Repel Missiles                 Charms/Air                   2
   e - Slow                           Hexes                        2
   f - Conjure Flame                  Conjuration/Fire             3
   g - Mephitic Cloud                 Conjuration/Poison/Air       3
Comestibles
 c - 8 bread rations
 q - 4 chunks of flesh
 H - 4 meat rations
 I - 7 fruits
 M - a beef jerky
 N - 12 slices of pizza


   Skills:
 - Level 5.0 Fighting
 - Level 4.8(7.6) Maces & Flails
 + Level 9.3 Dodging
 - Level 2.4 Stealth
 - Level 8.3 Spellcasting
 - Level 7.8 Conjurations
 - Level 2.1 Translocations
 - Level 8.6 Fire Magic
 - Level 2.0 Air Magic
 - Level 2.1 Poison Magic


You had 3 spell levels left.
You knew the following spells:

 Your Spells              Type           Power        Failure   Level  Hunger
a - Flame Tongue          Conj/Fire      #####        1%          1    None
b - Throw Flame           Conj/Fire      #####.       1%          2    None
c - Conjure Flame         Conj/Fire      #####...     1%          3    None
d - Sticky Flame          Conj/Fire      #####...     2%          4    ###....
e - Inner Flame           Hex/Fire       ####....     4%          3    None
f - Fireball              Conj/Fire      #####.....   10%         5    #####..
g - Blink                 Tloc           N/A          6%          2    None
h - Mephitic Cloud        Conj/Pois/Air  ####....     4%          3    None


Dungeon Overview and Level Annotations

Branches:
Dungeon (9/15)             Temple (0/1) D:5            Lair (1/6) D:9
    Orc: D:9-12

Altars:
Ashenzari
Cheibriados
Dithmenos
Elyvilon
Kikubaaqudgha
Okawaru
Qazlal
Trog
Vehumet
Yredelemnul
Zin

Shops:
D:6 (

Annotations:
Lair:1 exclusion: hydra


Message History

The fireball engulfs the eight-headed hydra.
The eight-headed hydra is severely wounded.
You are feeling hungry.
Casting: Fireball
Confirm with . or Enter, or press ? or * to list all spells.
Aiming: Sticky Flame
Press: ? - help, Shift-Dir - straight line, f/p - eight-headed hydra
Aim: an eight-headed hydra (severely wounded)
The sticky flame hits the eight-headed hydra.
The eight-headed hydra is almost dead.
The eight-headed hydra is covered in liquid flames!
The eight-headed hydra burns!
The eight-headed hydra barely misses you.
The eight-headed hydra bites you! The eight-headed hydra misses you.
The eight-headed hydra bites you!
* * * LOW HITPOINT WARNING * * *
The eight-headed hydra closely misses you.
The eight-headed hydra barely misses you. x2
The eight-headed hydra bites you!
You die...

##...........######
*.........P.#####
**........####...#
**,....#..>.#.....##
**,,.##*#P..........##
***,,,**
#.P..........# *,,,,,*
###.........## **,,,**
##......### *,,,**
#..@#.P# ,,***
##.D#### ,** #...# **
#...# * ##..# #..##
#...# ##...## ###
#.....###.#####


You could see an eight-headed hydra (burning).

Vanquished Creatures
  An unseen horror (D:8)
  Pikel (D:5)
  2 spiny frogs (Lair:1)
  Grinder (D:4)
  A two-headed ogre (D:8)
  A hippogriff (D:7)
  2 yaks (D:7)
  A human (D:7)
  2 hogs (D:7)
  A hungry ghost (D:7)
  Duvessa (D:7)
  2 hell hounds (D:9)
  2 water moccasins
  A porcupine (Lair:1)
  A sky beast (D:6)
  4 ice beasts
  4 ogres
  5 centaurs
  2 crocodiles (Lair:1)
  A big kobold (D:9)
  8 bullfrogs
  Dowan (D:7)
  A water moccasin zombie (D:7)
  3 scorpions
  A water moccasin skeleton (D:8)
  3 killer bees (D:8)
  4 howler monkeys (D:8)
  A crimson imp (D:6)
  A quasit (D:8)
  A bullfrog zombie (D:5)
  3 jellies
  5 hounds
  4 orc priests
  10 orc wizards
  Crazy Yiuf (D:2)
  2 bullfrog skeletons (D:6)
  3 iguanas
  A merfolk siren (Sewer)
  4 hell rats (D:8)
  11 worker ants
  A merfolk avatar (Sewer)
  A killer bee zombie (D:6)
  3 hound skeletons
  A howler monkey zombie (D:6)
  A worker ant zombie (D:9)
  A gnoll (D:1)
  12 adders
  7 river rats
  2 shadow imps
  2 oozes (D:2)
  4 dart slugs
  16 leopard geckos
  23 orcs
  2 ball pythons
  3 bat zombies (D:8)
  12 giant cockroaches
  6 goblins
  10 hobgoblins
  8 jackals
  9 quokkas
  5 bats
  11 frilled lizards
  A giant cockroach zombie (D:6)
  10 kobolds
  A quokka skeleton (D:9)
  A quokka zombie (D:8)
  37 rats
294 creatures vanquished.

Vanquished Creatures (others)
  A hound (D:5)
  A jackal zombie (D:5)
2 creatures vanquished.

Grand Total: 296 creatures vanquished

Notes
Turn   | Place    | Note
-------+----------+-------------------------------------------
     0 | D:1      | Lochraine the Deep Elf Fire Elementalist began the quest for the Orb.
     0 | D:1      | Reached XP level 1. HP: 10/10 MP: 6/6
   385 | D:1      | Reached XP level 2. HP: 15/15 MP: 5/8
   903 | D:1      | Reached XP level 3. HP: 14/19 MP: 6/10
  1210 | D:1      | Learned a level 2 spell: Throw Flame
  1214 | D:1      | Learned a level 3 spell: Conjure Flame
  1710 | D:2      | Found a shattered altar of Ashenzari.
  1809 | D:2      | Became a worshipper of Ashenzari the Shackled
  1886 | D:2      | Reached XP level 4. HP: 24/24 MP: 9/12
  1944 | D:2      | Learned a level 4 spell: Sticky Flame
  2043 | D:2      | Found a runed door.
  2437 | D:2      | Noticed Crazy Yiuf
  2442 | D:2      | Killed Crazy Yiuf
  2559 | D:3      | Found an iron altar of Okawaru.
  2699 | D:3      | Reached skill level 5 in Spellcasting
  2705 | D:3      | Reached XP level 5. HP: 13/28 MP: 6/14
  3814 | D:4      | Found a bloodstained altar of Trog.
  3866 | D:4      | Reached XP level 6. HP: 32/32 MP: 14/16
  3872 | D:4      | Reached skill level 5 in Fire Magic
  3998 | D:4      | Noticed Grinder
  3999 | D:4      | Paralysed by Grinder for 6 turns
  4013 | D:4      | Killed Grinder
  4013 | D:4      | Reached XP level 7. HP: 22/36 MP: 11/19
  4152 | D:4      | Reached * piety under Ashenzari
  4316 | D:4      | Reached skill level 5 in Conjurations
  4339 | D:5      | Entered Level 5 of the Dungeon
  4351 | D:5      | Found an iron altar of Okawaru.
  4368 | D:5      | Found a snail-covered altar of Cheibriados.
  4368 | D:5      | Found a basalt altar of Yredelemnul.
  4368 | D:5      | Found a glowing silver altar of Zin.
  4383 | D:5      | Found a shadowy altar of Dithmenos.
  4455 | D:5      | Noticed Pikel
  4470 | D:5      | Killed Pikel
  4470 | D:5      | Reached XP level 8. HP: 15/41 MP: 2/22
  4618 | D:5      | Found a glowing drain.
  4644 | Sewer    | Entered a sewer
  4795 | Sewer    | Learned a level 3 spell: Inner Flame
  4801 | Sewer    | Learned a level 5 spell: Fireball
  5505 | D:5      | Found a staircase to the Ecumenical Temple.
  6463 | D:6      | Learned a level 2 spell: Blink
  6662 | D:6      | Reached skill level 3 in Dodging
  6662 | D:6      | Reached skill level 1 in Translocations
  6804 | D:6      | Reached XP level 9. HP: 44/45 MP: 16/23
  7705 | D:6      | Found a radiant altar of Vehumet.
  7718 | D:6      | Reached skill level 1 in Fighting
  7718 | D:6      | Reached skill level 4 in Dodging
  7895 | D:6      | Found Tuokkoir's Antique Weapon Boutique.
  8159 | D:7      | Noticed Duvessa
  8162 | D:7      | Noticed Dowan
  8170 | D:7      | Killed Duvessa
  8170 | D:7      | Reached skill level 5 in Dodging
  8279 | D:7      | Killed Dowan
  8588 | D:7      | Reached skill level 6 in Dodging
  8626 | D:7      | Reached skill level 7 in Dodging
  8931 | D:7      | Reached XP level 10. HP: 50/57 MP: 13/24
  9527 | D:7      | Reached ** piety under Ashenzari
  9565 | D:7      | Learned a level 3 spell: Mephitic Cloud
 10230 | D:8      | Found an ancient bone altar of Kikubaaqudgha.
 10297 | D:8      | Reached skill level 1 in Air Magic
 10297 | D:8      | Reached skill level 1 in Poison Magic
 10400 | D:8      | Reached skill level 5 in Fighting
 10633 | D:8      | Found a white marble altar of Elyvilon.
 10813 | D:8      | Reached skill level 1 in Maces & Flails
 11233 | D:8      | Noticed an unseen horror
 11236 | D:8      | Killed an unseen horror
 11263 | D:8      | Found a stormy altar of Qazlal.
 11826 | D:9      | Found a staircase to the Lair.
 12263 | D:9      | Noticed a gargoyle
 12294 | Lair:1   | Entered Level 1 of the Lair of Beasts
 12341 | Lair:1   | Reached skill level 8 in Dodging
 12422 | Lair:1   | Reached *** piety under Ashenzari
 12485 | Lair:1   | Noticed an eight-headed hydra
 12597 | Lair:1   | Noticed a spiny frog
 12791 | Lair:1   | Killed a spiny frog
 12997 | Lair:1   | Noticed a spiny frog
 13005 | Lair:1   | Reached skill level 9 in Dodging
 13022 | Lair:1   | Killed a spiny frog
 13022 | Lair:1   | Reached XP level 11. HP: 49/63 MP: 10/25
 13200 | Lair:1   | Slain by an eight-headed hydra

Vault maps used:
D:1:      evilmike_arrival_rings
D:2:      evilmike_ruin_ashenzari, uniq_crazy_yiuf_cottage
D:3:      okawaru_trees_2
D:4:      first_bread, grunt_decor_arrowhead, minmay_misc_feat_tower, trog_book,
          uniq_grinder
D:5:      grunt_temple_overflow_open, gup_sewer_entry_pipe, uniq_pikel
D:6:      nicolae_overflow_crystal_walls, serial_shops, shop
D:7:      grunt_livestock, uniq_duvessa
D:8:      lemuel_ratsnest, kennysheep_little_box,
          lemuel_zombie_altar_kikubaaqudgha, grunt_qazlal_clouds
D:9:      marbit_many_paths, minmay_lair_entry_lava, minmay_misc_feat_rows
Lair:1:   grunt_megastairs_1
Sewer:    sewer_sea

Skill      XL: |  1  2  3  4  5  6  7  8  9 10 |
---------------+-------------------------------+-----
Spellcasting   | 4 5 6 8 |  8.3
Conjurations   | 2 3 4 6 7 |  7.8
Fire Magic     | 4 5 6 8 |  8.6
Dodging        | 3 7 9 |  9.3
Translocations | 1 2 |  2.1
Fighting       | 4 5 |  5.0
Air Magic      | 2 |  2.0
Poison Magic   | 2 |  2.1
Maces & Flails | 4 |  4.8
Stealth        | |  2.4

Action                   |  1- 3 |  4- 6 |  7- 9 | 10-12 || total
-------------------------+-------+-------+-------+-------++-------
Melee: Dagger            |    17 |       |       |       ||    17
       Mace              |    45 |   108 |    19 |       ||   172
       Whip              |       |       |   231 |   241 ||   472
Throw: Javelin           |       |       |       |     2 ||     2
 Cast: Flame Tongue      |    30 |    42 |   101 |    39 ||   212
       Throw Flame       |       |     6 |    22 |    68 ||    96
       Conjure Flame     |       |     2 |     6 |     5 ||    13
       Sticky Flame      |       |       |    16 |    12 ||    28
       Fireball          |       |       |     3 |     6 ||     9
       Blink             |       |       |     1 |     1 ||     2
Invok: Curse Item        |       |     1 |       |     1 ||     2
Evoke: Wand              |       |       |     1 |       ||     1
  Use: Scroll            |     1 |       |     7 |     6 ||    14
       Potion            |       |       |     4 |       ||     4
 Stab: Sleeping          |     5 |       |    11 |     3 ||    19
       Distracted        |       |       |     1 |     1 ||     2
  Eat: Chunk             |     3 |     7 |    17 |    13 ||    40
       Pizza             |       |       |       |     1 ||     1
       Beef jerky        |       |       |       |     1 ||     1
Armor: Robe              |    12 |    43 |    57 |    24 ||   136
       Skin              |       |       |    11 |       ||    11
Dodge: Dodged            |    36 |   118 |   202 |   204 ||   560
